 Dungeon Crawl Stone Soup version 0.22.0-25-g7663229 (webtiles) character file.

3712 Amnesiac the Gusty (level 9, -8/57 HPs)
             Began as a Mummy Air Elementalist on Aug 20, 2018.
             Was an Elder of Vehumet.
             Mangled by a cyan very ugly thing (25 damage)
             ... on level 8 of the Dungeon.
             The game lasted 00:19:56 (9529 turns).

Amnesiac the Gusty (Mummy Air Elementalist)         Turns: 9529, Time: 00:19:57

Health: -8/57      AC:  5    Str: 14    XL:     9   Next: 91%
Magic:  4/19       EV: 12    Int: 21    God:    Vehumet [****..]
Gold:   380        SH:  5    Dex: 12    Spells: 7/22 levels left

rFire    x . .     SeeInvis .   e - +0 falchion
rCold    + . .     Gourm    .   g - +0 buckler (curse)
rNeg     + + +     Faith    .   l - +1 robe {MR+}
rPois    ∞         Spirit   .   d - +0 helmet {Int+3}
rElec    .         Reflect  .   (no cloak)
rCorr    .         Harm     +   h - +0 pair of gloves
MR       ++...                  (no boots)
Stlth    ++........             p - amulet of harm
HPRegen  0.19/turn              r - +3 ring of strength
MPRegen  0.16/turn              (no ring)

@: no status effects
A: no food or potions, fire vulnerability, cold resistance 1, negative energy
resistance 3, torment resistance, unbreathing
a: Renounce Religion


You were on level 8 of the Dungeon.
You worshipped Vehumet.
Vehumet was greatly pleased with you.
You were not hungry.

You visited 2 branches of the dungeon, and saw 9 of its levels.
You also visited: Ossuary.

You collected 380 gold pieces.

Inventory:

Hand Weapons
 e - a +0 falchion (weapon)
 q - the +7 hand axe of Xaral {pain, +Rage rPois}
   (You found it on level 5 of the Dungeon)

   In the hands of one skilled in necromantic magic, it inflicts extra damage on
   living creatures.
   It protects you from poison.
   It lets you go berserk.
Missiles
 m - a throwing net (quivered)
Armour
 d - a +0 helmet of intelligence (worn)
 f - the +27 Lear's hauberk
   (You found it on level 3 of the Dungeon)
 g - a cursed +0 buckler (worn)
 h - a +0 pair of gloves (worn)
 l - a +1 robe of magic resistance (worn)
Jewellery
 p - an amulet of harm (around neck)
 r - a +3 ring of strength (left hand)
 t - a cursed amulet of inaccuracy {unknown}
Wands
 j - a wand of polymorph (24)
 o - a wand of flame (42)
Scrolls
 a - a scroll of enchant weapon {!r}
 b - 5 scrolls of identify {!r}
 c - 6 scrolls of remove curse {!r}
 i - 2 scrolls of amnesia {!r}
 k - 7 scrolls of teleportation {!r}
 n - a scroll of noise {!r}
 s - a scroll of blinking {!r}


   Skills:
 - Level 1.5 Dodging
 - Level 1.5 Stealth
 - Level 4.0 Shields
 + Level 7.3 Spellcasting
 * Level 7.3 Conjurations
 * Level 7.4 Air Magic


You had 7 spell levels left.
You knew the following spells:

 Your Spells              Type           Power        Failure   Level  Hunger
a - Airstrike             Air            #####.....   1%          4    N/A
d - Lightning Bolt        Conj/Air       #####.....   3%          5    N/A
e - Shock                 Conj/Air       ####         1%          1    N/A
s - Conjure Flame         Conj/Fire      ###.....     1%          3    N/A
z - Swiftness             Chrm/Air       ###.....     2%          2    N/A

Your spell library contained the following spells:

 Spells                   Type           Power        Failure   Level  Hunger
 Venom Bolt               Conj/Pois      ###.......   13%         5    N/A
 Static Discharge         Conj/Air       #####...     1%          3    N/A

Dungeon Overview and Level Annotations

Branches:
Dungeon (8/15)             Temple (1/1) D:6
   Lair: D:8-11

Altars:
Cheibriados
Dithmenos
Elyvilon
Fedhas
Gozag
Hepliaklqana
Kikubaaqudgha
Makhleb
Nemelex Xobeh
Qazlal
Ru
Sif Muna
Vehumet
Wu Jian
Xom
Yredelemnul
Zin
Beogh


Innate Abilities, Weirdness & Mutations

You do not eat or drink.
Your flesh is vulnerable to fire.
You are immune to poison.
Your flesh is cold resistant. (rC+)
You are immune to negative energy. (rN+++)
You are immune to unholy pain and torment.
You can survive without breathing.


Message History

There is an open door here.
A cyan very ugly thing is nearby!
A cyan very ugly thing is nearby!
Casting: Lightning Bolt (safe; 3% risk of failure)
Confirm with . or Enter, or press ? or * to list all spells.
Okay, then.
The cyan very ugly thing gurgles horribly!
You hear a horrible gurgling sound!
Casting: Lightning Bolt (safe; 3% risk of failure)
Confirm with . or Enter, or press ? or * to list all spells.
Okay, then.
Casting: Lightning Bolt (safe; 3% risk of failure)
Confirm with . or Enter, or press ? or * to list all spells.
Aiming: Conjure Flame (safe; 1% risk of failure)
Press: ? - help, Dir - move target cursor The fire ignites!
Casting: Conjure Flame (safe; 1% risk of failure)
Confirm with . or Enter, or press ? or * to list all spells.
Aiming: Lightning Bolt (safe; 3% risk of failure)
Press: ? - help, Shift-Dir - straight line, f - cyan very ugly thing
Aim: a cyan very ugly thing You hear a mighty clap of thunder!
The bolt of lightning misses the cyan very ugly thing.
Casting: Lightning Bolt (safe; 3% risk of failure)
Confirm with . or Enter, or press ? or * to list all spells.
Aiming: Airstrike (safe; 1% risk of failure)
Press: ? - help, Dir - move target cursor, f/p - cyan very ugly thing
Aim: a cyan very ugly thing (flame)
The air twists around and strikes the cyan very ugly thing!
The cyan very ugly thing is lightly wounded.
The cyan very ugly thing is engulfed in blazing flames.
The cyan very ugly thing closely misses you.
You riposte.
You hit the cyan very ugly thing.
The cyan very ugly thing is moderately wounded.
Casting: Airstrike (safe; 1% risk of failure)
Confirm with . or Enter, or press ? or * to list all spells.
Aiming: Airstrike (safe; 1% risk of failure)
Press: ? - help, Dir - move target cursor, f/p - cyan very ugly thing
Aim: a cyan very ugly thing (flame, moderately wounded)
The air twists around and strikes the cyan very ugly thing!
The cyan very ugly thing is moderately wounded.
The cyan very ugly thing is engulfed in blazing flames.
The cyan very ugly thing misses you.
Casting: Airstrike (safe; 1% risk of failure)
Confirm with . or Enter, or press ? or * to list all spells.
You don't have enough magic to cast that spell.
Casting: Airstrike (safe; 1% risk of failure)
Confirm with . or Enter, or press ? or * to list all spells.
You don't have enough magic to cast that spell.
You barely miss the cyan very ugly thing.
The cyan very ugly thing is heavily wounded.
The cyan very ugly thing is engulfed in blazing flames.
The cyan very ugly thing punches you. The cyan very ugly thing shocks you!!
Casting: Airstrike (safe; 1% risk of failure)
Confirm with . or Enter, or press ? or * to list all spells.
You don't have enough magic to cast that spell.
Unknown command.
You barely miss the cyan very ugly thing.
The cyan very ugly thing is severely wounded.
The cyan very ugly thing is engulfed in blazing flames.
The cyan very ugly thing punches you!
* * * LOW HITPOINT WARNING * * *
The cyan very ugly thing shocks you!!
You die...

###....##...##..####...#
..#.........#..........#
.......##...##.........#
.......###+###.........#
............##..###...##
............##..###...##
%.##...##........#.....#
..###+###...##...#.....#
...#...##...##..@##....#
...#........####u####### #####
...#............!.#....# ###..._
...#...###'###....'...#####......
...#...##.>.##....#...##..#.#.)..
'###...##...##...##...##....#....
..##...##...##.(.##...##....#....
..+..........u..<.()))#...[.#####
..#...............#...'.))...#


You could see a cyan very ugly thing and a brown ugly thing (wandering).

Vanquished Creatures
  An ugly thing (D:7)
  Prince Ribbit (D:8)
  A water moccasin (D:6)
  3 orc warriors (D:8)
  A sky beast (D:8)
  An ice beast (D:5)
  3 phantoms
  A centaur (D:8)
  4 ogres
  Blork the orc (D:6)
  An elf zombie (Ossuary)
  A scorpion (D:5)
  5 wights (D:7)
  6 howler monkeys
  5 human zombies (Ossuary)
  A centaur zombie (Ossuary)
  A bullfrog skeleton (D:7)
  A centaur skeleton (D:8)
  7 orc priests
  5 iguanas
  6 orc wizards
  2 worker ants
  A statue (D:5)
  A big kobold zombie (Ossuary)
  2 hound zombies
  4 hound skeletons
  3 mummies (Ossuary)
  A worker ant zombie (D:8)
  6 adders
  9 gnolls
  3 oozes
  6 adder zombies (Ossuary)
  4 worms
  3 dart slugs
  6 leopard geckos
  36 orcs
  5 bats
  7 giant cockroaches
  10 goblins
  6 hobgoblins
  10 jackals
  A quokka (D:5)
  2 ball pythons
  3 frilled lizards
  A gnoll zombie (Ossuary)
  2 goblin zombies (Ossuary)
  2 hobgoblin zombies (Ossuary)
  A jackal skeleton (D:5)
  2 jackal zombies (Ossuary)
  7 kobolds
  3 kobold zombies (Ossuary)
  A leopard gecko zombie (D:7)
  2 quokka zombies (Ossuary)
  7 rats
  4 rat zombies (Ossuary)
219 creatures vanquished.

Notes
Turn   | Place    | Note
-------+----------+-------------------------------------------
     0 | D:1      | Amnesiac the Mummy Air Elementalist began the quest for the Orb.
     0 | D:1      | Reached XP level 1. HP: 13/13 MP: 4/4
   410 | D:3      | Reached XP level 2. HP: 15/19 MP: 1/5
   444 | D:3      | Learned a level 2 spell: Swiftness
   691 | D:4      | Noticed a howler monkey
   696 | D:4      | Killed a howler monkey
   696 | D:4      | Reached XP level 3. HP: 16/24 MP: 2/8
   707 | D:4      | Reached XP level 4. HP: 17/30 MP: 0/9
   771 | D:4      | Learned a level 4 spell: Airstrike
   945 | D:4      | Noticed a phantom
  1000 | D:5      | Entered Level 5 of the Dungeon
  1093 | D:5      | Noticed an ogre
  1097 | D:5      | Killed an ogre
  1097 | D:5      | Reached XP level 5. HP: 27/35 MP: 5/11
  1176 | D:4      | Killed a phantom
  1295 | D:4      | Reached XP level 6. HP: 41/41 MP: 10/13
  1377 | D:4      | Reached skill level 5 in Spellcasting
  1377 | D:4      | Reached skill level 5 in Air Magic
  2132 | D:4      | Reached XP level 7. HP: 46/46 MP: 13/15
  2798 | D:5      | Found a radiant altar of Vehumet.
  2877 | D:5      | Became a worshipper of Vehumet
  3815 | D:2      | Reached * piety under Vehumet
  3815 | D:2      | Offered knowledge of Flame Tongue by Vehumet.
  4021 | D:2      | Reached skill level 1 in Conjurations
  4261 | D:2      | Found a hazy altar of Hepliaklqana.
  4650 | D:3      | Found a sparkling altar of Nemelex Xobeh.
  4828 | D:3      | Reached ** piety under Vehumet
  4828 | D:3      | Offered knowledge of Magic Dart by Vehumet.
  4857 | D:3      | Found the +27 Lear's hauberk
  5056 | D:3      | Found a glowing silver altar of Zin.
  5056 | D:3      | Noticed an angel
  5210 | D:5      | Found a sacrificial altar of Ru.
  5398 | D:5      | Reached skill level 1 in Shields
  5553 | D:5      | Got a pitted hand axe
  5554 | D:5      | Identified the +7 hand axe of Xaral {pain, +Rage rPois} (You found it on level 5 of the Dungeon)
  5842 | D:6      | Reached XP level 8. HP: 49/52 MP: 12/17
  5843 | D:6      | Found a sand-covered staircase.
  5848 | Ossuary  | Entered an ossuary
  5901 | Ossuary  | Offered knowledge of Conjure Flame by Vehumet.
  5906 | Ossuary  | Learned a level 3 spell: Conjure Flame
  6172 | Ossuary  | Reached *** piety under Vehumet
  6438 | D:6      | Noticed Blork the orc
  6445 | D:6      | Killed Blork the orc
  6574 | D:6      | Found a staircase to the Ecumenical Temple.
  6580 | D:6      | Offered knowledge of Stone Arrow by Vehumet.
  7153 | Temple   | Entered the Ecumenical Temple
  7361 | D:7      | Reached skill level 5 in Conjurations
  7371 | D:7      | Reached XP level 9. HP: 23/57 MP: 5/18
  7961 | D:8      | Noticed a two-headed ogre
  7983 | D:7      | Learned a level 5 spell: Lightning Bolt
  8103 | D:8      | Reached **** piety under Vehumet
  8162 | D:8      | Offered knowledge of Venom Bolt by Vehumet.
  8318 | D:8      | Found a roughly hewn altar of Beogh.
  8341 | D:8      | Found a runed gate.
  8341 | D:8      | Found a runed gate.
  8342 | D:8      | Found a runed gate.
  8346 | D:8      | Noticed a white ugly thing
  8346 | D:8      | Noticed a purple ugly thing
  8348 | D:8      | Noticed a white ugly thing
  8348 | D:8      | Noticed a purple very ugly thing
  8569 | D:8      | Noticed Prince Ribbit
  8572 | D:8      | Killed Prince Ribbit
  9276 | D:7      | Killed a cyan ugly thing
  9529 | D:8      | Mangled by a cyan very ugly thing

Skill      XL: |  1  2  3  4  5  6  7  8  9 |
---------------+----------------------------+-----
Spellcasting   | 3 4 5 6 7 |  7.3
Air Magic      | 3 4 5 6 7 |  7.4
Conjurations   | 1 5 7 |  7.3
Shields        | 3 4 |  4.0
Dodging        | |  1.5
Stealth        | |  1.5

Action                   |  1- 3 |  4- 6 |  7- 9 || total
-------------------------+-------+-------+-------++-------
Melee: Short sword       |     3 |       |       ||     3
       Falchion          |       |     9 |    41 ||    50
 Cast: Shock             |    26 |    60 |   371 ||   457
       Airstrike         |       |     5 |    52 ||    57
       Lightning Bolt    |       |       |     5 ||     5
       Conjure Flame     |       |       |     1 ||     1
       Swiftness         |       |       |     1 ||     1
Evoke: Wand              |       |       |     2 ||     2
  Use: Scroll            |       |     1 |     9 ||    10
 Stab: Sleeping          |     1 |       |     1 ||     2
Armor: Robe              |     5 |     5 |    31 ||    41
       Chain mail        |       |       |     4 ||     4
Dodge: Dodged            |    19 |    33 |   126 ||   178
Block: Buckler           |       |       |    24 ||    24
       Rpst.: Falchion   |     2 |    12 |    33 ||    47
